 Dungeon Crawl Stone Soup version 0.21.1-1-g345015fe64 (webtiles) character file.

99 Ivernyr the Shooter (level 4, -1/36 HPs)
             Began as a Centaur Arcane Marksman on Mar 24, 2018.
             Was an Initiate of Okawaru.
             Slain by an adder (4 damage)
             ... on level 3 of the Dungeon.
             The game lasted 00:14:40 (3071 turns).

Ivernyr the Shooter (Centaur Arcane Marksman)       Turns: 3071, Time: 00:14:40

Health: -1/36      AC:  5    Str: 13    XL:     4   Next: 45%
Magic:  14/14      EV:  9    Int: 12    God:    Okawaru [......]
Gold:   112        SH:  0    Dex: 10    Spells: 1/5 levels left

rFire    . . .     SeeInvis .   (no weapon)
rCold    + . .     Gourm    .   (no shield)
rNeg     . . .     Faith    .   e - +0 robe
rPois    .         Spirit   .   (no helmet)
rElec    .         Reflect  .   (no cloak)
rCorr    .         Harm     .   q - +0 pair of gloves
MR       .....                  (no barding)
Stlth    +.........             (no amulet)
HPRegen  0.12/turn              s - ring of magical power
MPRegen  0.14/turn              u - ring of protection from cold

@: lethally poisoned (-1 -> -22), very quick
A: large, hooves 3, deformed body, speed 2, tough skin 3
a: Renounce Religion


You were on level 3 of the Dungeon.
You worshipped Okawaru.
Okawaru was noncommittal.
You were not hungry.

You visited 1 branch of the dungeon, and saw 3 of its levels.

You collected 112 gold pieces.

Inventory:

Hand Weapons
 a - a +0 shortbow
Missiles
 d - 43 arrows
Armour
 e - a +0 robe (worn)
 q - a +0 pair of gloves (worn)
Jewellery
 s - a ring of magical power (left hand)
 u - a ring of protection from cold (right hand)
Scrolls
 b - 3 scrolls of identify {unknown}
 g - a scroll of teleportation {unknown}
 h - 2 scrolls of enchant weapon {unknown}
 m - 3 scrolls of blinking {unknown}
 n - 2 scrolls of immolation {unknown}
Potions
 i - a potion of curing {unknown}
 j - 2 potions of flight {unknown}
 k - 3 potions of might {unknown}
 l - a potion of agility {unknown}
 o - a potion of resistance {unknown}
 p - 2 potions of brilliance {unknown}
 r - a potion of magic {unknown}
Books
 c - a book of Debilitation

   Spells                             Type                      Level
   a - Corona                         Hexes                        1
   b - Slow                           Hexes                        2
   c - Inner Flame                    Hexes/Fire                   3
   d - Portal Projectile              Hexes/Translocation          3
   e - Cause Fear                     Hexes                        4
   f - Leda's Liquefaction            Hexes/Earth                  4
Comestibles
 f - 6 rations


   Skills:
 + Level 2.2 Fighting
 * Level 4.8 Bows
 - Level 1.3 Dodging
 - Level 1.0 Spellcasting
 + Level 3.3 Hexes


You had one spell level left.
You knew the following spells:

 Your Spells              Type           Power        Failure   Level  Hunger
a - Corona                Hex            #......      8%          1    ##.....
b - Portal Projectile     Hex/Tloc       #.....       41%         3    ####...


Dungeon Overview and Level Annotations

Branches:
Dungeon (3/15)

Altars:
Fedhas
Okawaru
Vehumet


Innate Abilities, Weirdness & Mutations

You have hooves in place of feet.
Armour fits poorly on your strangely shaped body.
You cover ground very quickly.
You have extremely tough skin. (AC +3)


Message History

The adder is almost dead.
You feel sick. The adder bites you.
You are more poisoned.
The adder poisons you!
You closely miss the adder.
The adder is almost dead.
* * * LOW HITPOINT WARNING * * *
You feel sick. The adder barely misses you. The adder bites you.
* * * LOW HITPOINT WARNING * * *
You are more poisoned.
The adder poisons you!
You hit the adder but do no damage. Your kick misses the adder.
The adder is almost dead.
* * * LOW HITPOINT WARNING * * *
You feel sick. The adder completely misses you.
You barely miss the adder.
The adder is almost dead.
* * * LOW HITPOINT WARNING * * *
You feel sick. The adder bites you.
You die...

..##. # #. ..# ## ..#
..# ..# #######..#####
..#.............
......S@..PP♣
#.#.####.PP♣♣♣
.#.......♣♣.♣♣ ..#
........♣♣♣..♣♣..# #
##.####.♣..PP.♣..###.#
.........♣............
.........P....P.......
##.####........... ...
# #.........# #.#


You could see an adder.

Vanquished Creatures
  3 adders
  An ooze (D:1)
  A worm (D:2)
  An orc (D:3)
  2 ball pythons
  13 bats
  4 giant cockroaches
  10 goblins
  10 hobgoblins
  6 frilled lizards
  4 kobolds
  6 rats
61 creatures vanquished.

Notes
Turn   | Place    | Note
-------+----------+-------------------------------------------
     0 | D:1      | Ivernyr the Centaur Arcane Marksman began the quest for the Orb.
     0 | D:1      | Reached XP level 1. HP: 16/16 MP: 2/2
   229 | D:1      | Reached skill level 3 in Bows
   279 | D:1      | Reached XP level 2. HP: 18/23 MP: 3/3
  1196 | D:2      | Reached skill level 4 in Bows
  1196 | D:2      | Reached XP level 3. HP: 28/29 MP: 2/4
  1262 | D:2      | Learned a level 3 spell: Portal Projectile
  1422 | D:2      | Found a blossoming altar of Fedhas.
  2335 | D:3      | Reached XP level 4. HP: 35/36 MP: 5/5
  2423 | D:3      | Found an iron altar of Okawaru.
  2532 | D:3      | Became a worshipper of Warmaster Okawaru
  2669 | D:3      | Found a radiant altar of Vehumet.
  3071 | D:3      | Slain by an adder

Skill      XL: |  1  2  3 |
---------------+----------+-----
Bows           | 3 4 |  4.8
Hexes          | 3 |  3.3
Fighting       | 2 |  2.2
Dodging        | |  1.3
Spellcasting   | |  1.0

Action                   |  1- 3 |  4- 6 || total
-------------------------+-------+-------++-------
Melee: Unarmed           |   220 |    80 ||   300
       Kick              |    43 |    12 ||    55
 Fire: Shortbow          |     8 |       ||     8
 Cast: Corona            |     2 |     5 ||     7
  Eat: Chunk             |     3 |     3 ||     6
Armor: Robe              |    85 |    39 ||   124
Dodge: Dodged            |   112 |    45 ||   157
